 Dungeon Crawl Stone Soup version 0.18.1-50-g88ac8fd (webtiles) character file.

20 FloraKitsune the Sneak (level 3, 19/19 HPs)
             Began as a Kobold Enchanter on Sept 21, 2016.
             Quit the game on level 1 of the Dungeon.
             The game lasted 00:01:18 (957 turns).

FloraKitsune the Sneak (Kobold Enchanter)            Turns: 957, Time: 00:01:19

Health: 19/19      AC:  3    Str:  6    XL:     3   Next: 0%
Magic:  6/6        EV: 15    Int: 13    God:
Gold:   68         SH:  0    Dex: 17    Spells: 2 memorised, 3 levels left

rFire  . . .     SeeInvis .     a - +1 dagger
rCold  . . .     Gourm    .     b - +1 robe
rNeg   . . .     Faith    .     (shield restricted)
rPois  .         Spirit   .     (no helmet)
rElec  .         Dismiss  .     (no cloak)
rCorr  .         Reflect  .     (no gloves)
SustAt .         Harm     .     (no boots)
MR     .....                    (no amulet)
Stlth  +++.......               (no ring)
                                (no ring)

@: not resistant to hostile enchantments, fairly stealthy
A: carnivore 3
a: no special abilities


You were on level 1 of the Dungeon.
You were full.

You visited 1 branch of the dungeon, and saw 1 of its levels.

You collected 68 gold pieces.

Inventory:

Hand Weapons
 a - a +1 dagger (weapon)
Armour
 b - a +1 robe (worn)
Scrolls
 f - a scroll of remove curse {unknown}
 l - a scroll of identify {unknown}
Potions
 e - 2 potions of resistance {unknown}
 g - a potion of curing {unknown}
 h - a potion of flight {unknown}
 i - 2 potions of invisibility {unknown}
 j - a potion of heal wounds {unknown}
 k - a potion of haste {unknown}
Books
 c - a book of Maledictions

   Spells                             Type                      Level
   a - Corona                         Hexes                        1
   b - Ensorcelled Hibernation        Hexes/Ice                    2
   c - Confuse                        Hexes                        3
   d - Tukima's Dance                 Hexes                        3
   e - Dazzling Spray                 Conjuration/Hexes            3
Comestibles
 d - a meat ration


   Skills:
 - Level 1.3 Short Blades
 - Level 2.4 Dodging
 - Level 4.0 Stealth
 - Level 2.0 Spellcasting
 + Level 3.7 Hexes
 + Level 1.0 Ice Magic


You had 3 spell levels left.
You knew the following spells:

 Your Spells              Type           Power        Failure   Level  Hunger
a - Corona                Hex            ##.....      8%          1    ##.....
b - Ensorcelled Hibernat  Hex/Ice        #.....       17%         2    ###....


Dungeon Overview and Level Annotations

Branches:
Dungeon (1/15)

Altars:


Innate Abilities, Weirdness & Mutations

You are small and have problems with some larger weapons.
You are carnivorous and can eat meat at any time.


Message History

You puncture the kobold!
You kill the kobold!
You have reached level 3!
Your experience leads to an increase in your attributes!
Increase (S)trength, (I)ntelligence, or (D)exterity?
You feel agile.
Things that are here:
a dagger; a kobold corpse
Found a bread ration.
You see here a bread ration.
Found a stone staircase leading down.
You see here a bread ration.
Things that are here:
a dagger; a kobold corpse You see here a kobold corpse.
Done exploring.
Done exploring.
Done exploring.
Done exploring.
Are you sure you want to abandon this character and quit the game? (Confirm with "yes".)

#.#######.# #.#
#.# #.# #.# #.#
#.# #.##### #.#
#.# #...... #.#
#.######### #.##
#....# # #..##
####.###### #.#.#
#......... ##@##
#.#.###### #.#
#.#...## # #.#
#......###
#.#######.......##
#...............##
#########.........
#......###
#.#...###.
#.#.......


There were no monsters in sight!

Vanquished Creatures
  A giant gecko (D:1)
  A ball python (D:1)
  A giant cockroach (D:1)
  A hobgoblin (D:1)
  3 jackals (D:1)
  3 bats (D:1)
  3 giant newts (D:1)
  4 kobolds (D:1)
  A rat (D:1)
18 creatures vanquished.

Notes
Turn   | Place    | Note
--------------------------------------------------------------
     0 | D:1      | FloraKitsune the Kobold Enchanter began the quest for the Orb.
     0 | D:1      | Reached XP level 1. HP: 10/10 MP: 3/3
   220 | D:1      | Reached XP level 2. HP: 15/15 MP: 5/5
   224 | D:1      | Learned a level 2 spell: Ensorcelled Hibernation
   786 | D:1      | Reached skill level 1 in Ice Magic
   812 | D:1      | Reached XP level 3. HP: 19/19 MP: 6/6
   957 | D:1      | Quit the game

Skill      XL: |  1  2 |
---------------+-------+-----
Ice Magic      | 1 |  1.0
Short Blades   | |  1.3
Dodging        | |  2.4
Stealth        | |  4.0
Spellcasting   | |  2.0
Hexes          | |  3.7

Action                   || total
-------------------------++-------
Melee: Dagger            ||    52
 Cast: Corona            ||     2
 Stab: Sleeping          ||    10
  Eat: Chunk             ||     5
Armor: Robe              ||    15
Dodge: Dodged            ||    51
